Unix NetHack Version 3.7.0-102 Work-in-progress - last build Apr 6 2024 13:22:21 (d302a6a9ff6341f1a922d8f5af178406b35fdf99,branch:master). Game began 2024-05-02 20:57:11, ended 2024-05-03 09:47:05. fstd, neutral male human Wizard ---------- |.....@... --------- -------- |.....q..| |.......| |.......# |..<.....| |..T....| |......|# |........| |........######-.{.....### |........| -------.- #--------# %# -----.---- ####################### ######## # ## # # #### # ## # ----|----# # # |........# # ------.-------- |{..(...| ##-........%<...| |.......-#### |.............| u --------- |.............| --------------- Fstd the Thaumaturge St:14 Dx:13 Co:15 In:18 Wi:15 Ch:11 Neutral S:12537 Dlvl:10 $:159 HP:0(62) Pw:3(94) AC:3 Xp:9 T:10673 Blind Latest messages: The spell hits it. You hit it. You miss it. The magic-absorbing blade cancels the orc-captain! You kill the orc-captain! x - a curved wand. $ - 31 gold pieces The giant mummy hits! The giant mummy hits again! z - a knife. The giant mummy hits! The giant mummy hits again! What do you want to call? [g-iko-txBCFIJLPSUW-Y or ?*] g Call a ring called regen: What do you want to put on? [egnqBZ or ?*] B B - an uncursed copper ring (on right hand). What do you want to put on? [egnqZ or ?*] g There are no more ring-fingers to fill. What do you want to remove? [drB or ?*] B What do you want to put on? [egnqBZ or ?*] g g - an uncursed brass ring (on right hand). What do you want to put on? [enqBZ or ?*] n Pick an object. In what direction? j The spell misses it. In what direction? j The spell hits it. In what direction? . You feel better. You miss it. The mumak butts! The mumak bites! You die... But wait... Your medallion feels warm! You feel much better! The medallion crumbles to dust! You survived that attempt on your life. You don't have enough energy to cast that spell. You miss it. The mumak butts! The mumak bites! You miss it. You hit it. The mumak butts! The mumak bites! The magic-absorbing blade stuns the mumak! The mumak butts! You die... Do you want your possessions identified? [ynq] (y) q Inventory: Coins ('$') $ - 159 gold pieces Weapons (')') u - 11 uncursed +0 orcish arrows z - an uncursed +1 knife a - the uncursed rustproof +0 Magicbane (weapon in right hand) Armor ('[') S - an uncursed rusty +0 dwarvish iron helm (being worn) F - an uncursed +0 pair of gauntlets of dexterity (being worn) C - a cursed -1 pair of leather gloves E - an uncursed +0 pair of elven boots (being worn) b - an uncursed +0 cloak of magic resistance (being worn) W - an uncursed +0 cloak of protection y - a blessed +1 leather armor (being worn) Comestibles ('%') l - an uncursed cram ration G - an uncursed partly eaten food ration V - 2 uncursed food rations m - an uncursed pancake O - 2 uncursed lizard corpses Scrolls ('?') i - a cursed scroll of amnesia J - a blessed scroll of blank paper I - 3 uncursed scrolls of blank paper h - an uncursed scroll of confuse monster t - a blessed scroll of destroy armor s - 2 uncursed scrolls of earth K - an uncursed scroll of enchant weapon T - an uncursed scroll of food detection Y - an uncursed scroll of light o - a blessed scroll of teleportation Spellbooks ('+') U - an uncursed spellbook of fireball Potions ('!') L - an uncursed potion of restore ability Rings ('=') e - an uncursed ring of cold resistance d - an uncursed ring of free action (on left hand) B - an uncursed ring of poison resistance q - an uncursed ring of stealth g - an uncursed ring of warning (on right hand) Wands ('/') c - an uncursed wand of digging (0:0) x - an uncursed wand of striking (0:4) p - an uncursed wand of teleportation (0:4) Tools ('(') n - an uncursed blindfold (being worn) N - an uncursed brass lantern Q - an uncursed brass lantern w - a cursed lock pick M - an uncursed +0 pick-axe (alternate weapon; not wielded) Z - an uncursed towel v - an uncursed +0 unicorn horn Gems/Stones ('*') X - 2 uncursed worthless pieces of black glass k - 3 uncursed worthless pieces of green glass P - 2 uncursed worthless pieces of yellow glass Fstd the Wizard's attributes: Background: You were a Thaumaturge, a level 9 male human Wizard. You were neutral, on a mission for Thoth who was opposed by Ptah (lawful) and Anhur (chaotic). You were right-handed. You were in the Dungeons of Doom, on level 10. You entered the dungeon 10673 turns ago. You had 2982 experience points, 2138 more were needed to attain level 10. Your score was 12537 before end-of-game adjustments. Basics: You had 0 out of 62 hit points. You had 3 out of 94 energy points (spell power). Your armor class was 3. Your wallet contained 159 zorkmids. Autopickup was on for '$"?!=+/(*' plus thrown, with exceptions. Final Characteristics: Your strength was 14 (limit:18/100). Your dexterity was 13 (peak:14, limit:18). Your constitution was 15 (peak:16, limit:18). Your intelligence was 18 (limit:18). Your wisdom was 15 (limit:18). Your charisma was 11 (limit:18). Final Status: You were deliberately blind. You weren't hungry. You were unencumbered. You were wielding a dagger. You had basic skill with dagger and could have enhanced that. Final Attributes: You were piously aligned. You were magic-protected. You were sleep resistant. You were poison resistant. You were telepathic. You were warned. You were stealthy. You were warded. You had free action. You are dead (2nd time!). Miscellaneous: You disabled loading of bones levels. Total elapsed playing time was 2 hours, 54 minutes and 53 seconds. Major events: Turn 1: fstd the neutral male human Wizard entered the dungeon 899: attained the rank of Conjurer (level 3) 1718: entered the Gnomish Mines 3464: attained the rank of Thaumaturge (level 6) 4097: reached Mine Town 8023: was bestowed with Magicbane by Thoth 10103: entered Sokoban 10580: completed 1st Sokoban level 10669: averted death (killed by a mumak) 10673: killed by a mumak Vanquished creatures: a giant mimic an elven monarch 2 stalkers a xan a sasquatch a tengu a leocrotta an energy vortex a leather golem a Grey-elf a chameleon a giant beetle 4 wolves an orc-captain 2 giant spiders a scorpion a vampire bat an owlbear 4 Green-elves 2 lizards a dingo a dwarf leader a black unicorn a snake 4 apes a human zombie 5 soldier ants a fire ant a bugbear 3 imps a quasit 2 water nymphs 11 Mordor orcs 2 rock piercers a fog cloud 2 yellow lights a shrieker a violet fungus 5 gnome leaders 2 gnomish wizards a kobold mummy an elf zombie 3 paper golems 3 giant ants 5 floating eyes 7 dwarves 3 homunculi a kobold shaman a rothe a rabid rat a centipede a giant bat a dwarf zombie a wererat a werejackal 2 iguanas 3 acid blobs 2 coyotes 2 gas spores a hobbit a large kobold 3 hobgoblins 2 giant rats a cave spider 3 brown molds a green mold 20 gnomes 7 garter snakes a gnome zombie 7 geckos 15 jackals a kobold 4 goblins 2 sewer rats 9 grid bugs a bat 5 lichens a kobold zombie 3 newts 204 creatures vanquished. No species were genocided or became extinct. Voluntary challenges: You read items or engraved 4 times. You never engraved Elbereth. You never genocided any monsters. You never polymorphed an object. You never changed form. You used no wishes. You did not violate any of the special Sokoban rules. Achievements: You entered a shop. You attained the rank of Conjurer. You entered the Gnomish Mines. You attained the rank of Thaumaturge. You entered Minetown. You entered a temple. You entered Sokoban. The Dungeons of Doom: levels 1 to 10 Level 1: Level 2: A fountain. Level 3: "kat" Level 4: A fountain. Stairs down to The Gnomish Mines. Level 5: Level 6: Level 7: A throne. Level 8: "soldier a" Level 9: Level 10: <- You were here. Some fountains. Stairs up to Sokoban, level 9. Final resting place for you, killed by a mumak. The Gnomish Mines: levels 5 to 8 Level 5: Level 6: Level 7: A temple and an altar to Thoth, some fountains. Level 8: Sokoban: Level 9: Solved. Game over: ---------- / \ / REST \ / IN \ / PEACE \ / \ | fstd | | 159 Au | | killed by a | | mumak | | | | | | 2024 | *| * * * | * _________)/\\_//(\/(/\)/\//\/|_)_______ Goodbye fstd the Wizard... You died in The Dungeons of Doom on dungeon level 10 with 12522 points, and 159 pieces of gold, after 10673 moves. You were level 9 with a maximum of 62 hit points when you died.